[ PARTIDA AOE2 · #484998398 ]
UnrankedWu vs Bohemians
[ ANÁLISIS DE REPETICIÓN · EXTRAÍDO DE LA PARTIDA GRABADA ]
Feudal
8:56
Castillos
23:24
Imperial
35:13
| APM promedio | 44.9 |
| APM pico | 93 |
| eAPM promedio | 28.5 |
| Aldeanos / militares | 215 / 365 |
Foco
⚔️ 37.2% · 🌾 62.8%
Spearman ×359 · Unknown (1974) ×194 · Unknown (1968) ×24 · Unknown (1942) ×21 · Trade Cart ×4 · Petard ×3
Feudal
10:56
Castillos
14:51
Imperial
28:02
| APM promedio | 58.9 |
| APM pico | 106 |
| eAPM promedio | 34.2 |
| Aldeanos / militares | 208 / 807 |
Foco
⚔️ 50.6% · 🌾 49.4%
Spearman ×684 · Bombard Cannon ×71 · Hussite Wagon ×49 · Monk ×3
Feudal
11:24
Castillos
14:57
Imperial
28:56
| APM promedio | 45.1 |
| APM pico | 95 |
| eAPM promedio | 27.9 |
| Aldeanos / militares | 226 / 811 |
Foco
⚔️ 47.1% · 🌾 52.9%
Huskarl ×344 · Spearman ×325 · Militia ×72 · Hand Cannoneer ×51 · Trade Cart ×11 · Trebuchet (Packed) ×9
Feudal
11:01
Castillos
16:25
Imperial
36:02
| APM promedio | 32.0 |
| APM pico | 59 |
| eAPM promedio | 22.6 |
| Aldeanos / militares | 223 / 394 |
Foco
⚔️ 42.0% · 🌾 58.0%
Scout Cavalry ×198 · Knight ×169 · Trade Cart ×40 · Battering Ram ×24 · Skirmisher ×3
Feudal
9:41
Castillos
13:39
Imperial
30:08
| APM promedio | 47.5 |
| APM pico | 78 |
| eAPM promedio | 28.9 |
| Aldeanos / militares | 305 / 34 |
Foco
⚔️ 39.3% · 🌾 60.7%
Unknown (2562) ×141 · Unknown (2586) ×98 · Trade Cart ×46 · Monk ×23 · Trebuchet (Packed) ×7 · Mangonel ×4
Feudal
10:36
Castillos
14:34
Imperial
29:30
| APM promedio | 68.8 |
| APM pico | 125 |
| eAPM promedio | 38.3 |
| Aldeanos / militares | 207 / 704 |
Foco
⚔️ 45.6% · 🌾 54.4%
Scout Cavalry ×398 · Serjeant ×227 · Knight ×54 · Trade Cart ×39 · Mangonel ×15 · Trebuchet (Packed) ×10
Feudal
10:06
Castillos
12:47
Imperial
31:25
| APM promedio | 64.4 |
| APM pico | 153 |
| eAPM promedio | 40.0 |
| Aldeanos / militares | 198 / 465 |
Foco
⚔️ 61.9% · 🌾 38.1%
Scout Cavalry ×164 · Spearman ×134 · Ballista Elephant ×133 · Trade Cart ×32 · Battering Ram ×16 · Knight ×11
Feudal
10:12
Castillos
14:32
Imperial
41:27
| APM promedio | 41.2 |
| APM pico | 85 |
| eAPM promedio | 23.0 |
| Aldeanos / militares | 173 / 438 |
Foco
⚔️ 47.7% · 🌾 52.3%
Spearman ×226 · Skirmisher ×103 · Archer ×66 · Petard ×24 · Battering Ram ×12 · Trade Cart ×9
Mapa de la partida
Recursos iniciales + cada clic de construcción. Líneas = muros · curvas = relieve. ◆ oro · ⬟ piedra · ● bayas · ✦ reliquia · ◌ hueco del cierre
Tu base· ✓ Cerrada en 23:24 · 19t muro · 6 puerta(s)
Base de Cat&Moon· ✓ Cerrada en 14:51 · 0t muro · 3 puerta(s)
Base de DS_RJP· ✓ Cerrada en 14:57 · 0t muro · 3 puerta(s)
Base de tktk· ✓ Cerrada en 16:25 · 6t muro · 2 puerta(s)
Base de DS_TheHeartless· ✓ Cerrada en 13:39 · 0t muro · 2 puerta(s)
Base de 小刀· ✓ Cerrada en 14:34 · 0t muro · 2 puerta(s)
Base de DS_Moai· ✓ Cerrada en 12:47 · 0t muro · 2 puerta(s)
Base de 左· ✓ Cerrada en 14:32 · 0t muro · 3 puerta(s)
Terreno inicial suavizado · ◌ = hueco del cierre detectado · pasá el cursor para detalles
Inputs por minuto
— DL | Tortafuller - - Cat&Moon
Build order — DL | Tortafuller
Primeras 150 de 714 acciones detectadas
| 0:01 | Crear | Villager (Male) |
| 0:01 | Crear | Villager (Male) |
| 0:01 | Crear | Villager (Male) |
| 0:02 | Crear | Villager (Male) |
| 0:02 | Crear | Villager (Male) |
| 0:04 | Construir | House |
| 0:05 | Construir | House |
| 1:27 | Crear | Villager (Male) |
| 1:44 | Construir | Lumber Camp |
| 1:56 | Crear | Villager (Male) |
| 1:56 | Crear | Villager (Male) |
| 2:36 | Crear | Villager (Male) |
| 2:36 | Crear | Villager (Male) |
| 2:36 | Crear | Villager (Male) |
| 2:54 | Crear | Villager (Male) |
| 2:55 | Crear | Villager (Male) |
| 3:11 | Crear | Villager (Male) |
| 3:11 | Crear | Villager (Male) |
| 3:49 | Crear | Villager (Male) |
| 3:56 | Construir | House |
| 4:05 | Crear | Villager (Male) |
| 4:22 | Construir | Mill |
| 4:48 | Crear | Villager (Male) |
| 5:04 | Crear | Villager (Male) |
| 5:17 | Crear | Villager (Male) |
| 5:32 | Construir | House |
| 6:18 | Investigar | Loom |
| 6:40 | Construir | Mining Camp |
| 6:46 | Investigar | Feudal Age |
| 7:32 | Crear | Villager (Male) |
| 8:15 | Crear | Villager (Male) |
| 8:56 | Edad | Edad Feudal |
| 8:58 | Construir | Watch Tower |
| 8:59 | Crear | Villager (Male) |
| 9:02 | Crear | Villager (Male) |
| 9:08 | Crear | Villager (Male) |
| 9:14 | Investigar | Double-Bit Axe |
| 9:28 | Investigar | Horse Collar |
| 9:49 | Crear | Villager (Male) |
| 9:53 | Crear | Villager (Male) |
| 10:08 | Construir | House |
| 10:27 | Crear | Villager (Male) |
| 10:59 | Crear | Villager (Male) |
| 11:03 | Construir | Farm |
| 11:09 | Crear | Villager (Male) |
| 11:40 | Construir | Watch Tower |
| 11:42 | Crear | Villager (Male) |
| 11:47 | Construir | Farm |
| 12:05 | Construir | Palisade Gate |
| 12:08 | Crear | Villager (Male) |
| 12:08 | Crear | Villager (Male) |
| 12:09 | Crear | Villager (Male) |
| 12:34 | Construir | Farm |
| 12:39 | Construir | Farm |
| 13:10 | Construir | Watch Tower |
| 13:14 | Construir | Palisade Wall |
| 13:15 | Construir | Palisade Wall |
| 13:18 | Construir | Palisade Wall |
| 13:19 | Construir | Palisade Wall |
| 13:26 | Crear | Villager (Male) |
| 13:30 | Crear | Villager (Male) |
| 13:38 | Construir | House |
| 14:03 | Construir | Palisade Wall |
| 14:17 | Construir | Palisade Wall |
| 14:19 | Construir | Palisade Wall |
| 14:20 | Construir | Palisade Wall |
| 14:25 | Crear | Villager (Male) |
| 14:35 | Crear | Villager (Male) |
| 14:43 | Crear | Villager (Male) |
| 14:52 | Construir | Palisade Wall |
| 15:01 | Construir | Palisade Wall |
| 15:02 | Construir | Palisade Wall |
| 15:02 | Construir | Palisade Wall |
| 15:03 | Crear | Villager (Male) |
| 15:06 | Crear | Villager (Male) |
| 15:06 | Crear | Villager (Male) |
| 15:07 | Crear | Villager (Male) |
| 15:08 | Crear | Villager (Male) |
| 15:14 | Crear | Villager (Male) |
| 15:17 | Construir | Farm |
| 15:17 | Construir | Farm |
| 15:17 | Construir | Farm |
| 15:18 | Construir | Farm |
| 15:18 | Construir | Farm |
| 15:25 | Construir | House |
| 15:47 | Construir | House |
| 15:49 | Construir | Farm |
| 15:55 | Crear | Villager (Male) |
| 16:04 | Construir | Mining Camp |
| 16:08 | Crear | Villager (Male) |
| 16:10 | Crear | Villager (Male) |
| 16:17 | Crear | Villager (Male) |
| 16:18 | Crear | Villager (Male) |
| 16:20 | Crear | Villager (Male) |
| 16:30 | Crear | Villager (Male) |
| 16:31 | Crear | Villager (Male) |
| 16:47 | Crear | Villager (Male) |
| 17:05 | Construir | Watch Tower |
| 17:14 | Crear | Villager (Male) |
| 17:25 | Construir | Watch Tower |
| 17:27 | Crear | Villager (Male) |
| 17:40 | Construir | Farm |
| 17:42 | Construir | Farm |
| 17:43 | Construir | Farm |
| 17:52 | Crear | Villager (Male) |
| 17:59 | Construir | Blacksmith |
| 18:14 | Construir | House |
| 18:29 | Construir | Gate |
| 18:38 | Construir | Farm |
| 18:39 | Construir | Farm |
| 19:14 | Investigar | Fletching |
| 19:36 | Construir | Gate |
| 19:47 | Construir | Stone Wall |
| 20:01 | Construir | Market |
| 20:17 | Construir | Palisade Wall |
| 20:18 | Construir | Palisade Wall |
| 20:19 | Construir | Palisade Wall |
| 20:44 | Investigar | Castle Age |
| 20:44 | Investigar | Castle Age |
| 21:13 | Investigar | Gold Mining |
| 21:21 | Construir | Farm |
| 21:22 | Construir | Farm |
| 21:23 | Construir | Farm |
| 21:28 | Construir | Farm |
| 21:33 | Investigar | Scale Mail Armor |
| 21:43 | Construir | Barracks |
| 21:47 | Construir | Palisade Wall |
| 21:48 | Construir | Palisade Wall |
| 21:49 | Construir | Palisade Wall |
| 22:03 | Investigar | Stone Mining |
| 22:45 | Construir | House |
| 22:56 | Crear | Villager (Male) |
| 22:58 | Crear | Villager (Male) |
| 23:24 | Edad | Edad de los Castillos |
| 23:25 | Investigar | Bow Saw |
| 23:25 | Investigar | Bow Saw |
| 23:35 | Crear | Unit 1974 |
| 23:35 | Crear | Unit 1974 |
| 23:53 | Construir | Castle |
| 24:03 | Crear | Villager (Male) |
| 24:04 | Crear | Villager (Male) |
| 24:09 | Crear | Villager (Male) |
| 24:18 | Construir | Town Center |
| 24:22 | Construir | Lumber Camp |
| 24:37 | Investigar | Bodkin Arrow |
| 24:42 | Crear | Villager (Male) |
| 24:44 | Investigar | Wheelbarrow |
| 24:48 | Crear | Villager (Male) |
| 24:57 | Investigar | Heavy Plow |
| 25:02 | Crear | Villager (Male) |
Build order — Cat&Moon
Primeras 150 de 984 acciones detectadas
| 0:01 | Crear | Villager (Male) |
| 0:01 | Crear | Villager (Male) |
| 0:02 | Construir | House |
| 0:04 | Construir | House |
| 0:08 | Crear | Villager (Male) |
| 0:08 | Crear | Villager (Male) |
| 1:24 | Crear | Villager (Male) |
| 1:24 | Crear | Villager (Male) |
| 1:24 | Crear | Villager (Male) |
| 1:51 | Crear | Villager (Male) |
| 1:51 | Crear | Villager (Male) |
| 2:22 | Crear | Villager (Male) |
| 2:27 | Crear | Villager (Male) |
| 2:51 | Crear | Villager (Male) |
| 2:52 | Crear | Villager (Male) |
| 2:52 | Crear | Villager (Male) |
| 3:03 | Construir | Lumber Camp |
| 3:25 | Construir | House |
| 3:37 | Crear | Villager (Male) |
| 3:37 | Crear | Villager (Male) |
| 3:37 | Crear | Villager (Male) |
| 3:52 | Construir | House |
| 3:56 | Crear | Villager (Male) |
| 3:57 | Crear | Villager (Male) |
| 4:52 | Crear | Villager (Male) |
| 4:53 | Crear | Villager (Male) |
| 4:53 | Crear | Villager (Male) |
| 5:31 | Crear | Villager (Male) |
| 5:31 | Crear | Villager (Male) |
| 5:35 | Crear | Villager (Male) |
| 5:36 | Crear | Villager (Male) |
| 5:57 | Crear | Villager (Male) |
| 5:57 | Crear | Villager (Male) |
| 6:24 | Crear | Villager (Male) |
| 6:24 | Crear | Villager (Male) |
| 6:57 | Crear | Villager (Male) |
| 6:58 | Crear | Villager (Male) |
| 7:06 | Crear | Villager (Male) |
| 7:06 | Crear | Villager (Male) |
| 7:06 | Crear | Villager (Male) |
| 7:06 | Crear | Villager (Male) |
| 7:07 | Crear | Villager (Male) |
| 7:16 | Crear | Villager (Male) |
| 7:17 | Crear | Villager (Male) |
| 7:17 | Crear | Villager (Male) |
| 7:17 | Crear | Villager (Male) |
| 7:34 | Construir | Mill |
| 8:27 | Construir | Mining Camp |
| 8:29 | Investigar | Feudal Age |
| 9:19 | Construir | House |
| 10:19 | Crear | Villager (Male) |
| 10:31 | Construir | Farm |
| 10:56 | Edad | Edad Feudal |
| 10:58 | Construir | Market |
| 11:01 | Construir | Blacksmith |
| 11:04 | Crear | Villager (Male) |
| 11:09 | Construir | Farm |
| 11:10 | Construir | Farm |
| 11:26 | Crear | Villager (Male) |
| 11:30 | Construir | Farm |
| 11:32 | Construir | Farm |
| 11:53 | Investigar | Castle Age |
| 11:54 | Investigar | Castle Age |
| 11:54 | Investigar | Castle Age |
| 12:17 | Investigar | Double-Bit Axe |
| 12:17 | Investigar | Double-Bit Axe |
| 12:18 | Investigar | Double-Bit Axe |
| 12:48 | Construir | House |
| 14:12 | Construir | Lumber Camp |
| 14:30 | Crear | Villager (Male) |
| 14:51 | Edad | Edad de los Castillos |
| 14:53 | Construir | Town Center |
| 14:59 | Construir | Monastery |
| 15:03 | Investigar | Bow Saw |
| 15:04 | Investigar | Bow Saw |
| 15:04 | Investigar | Bow Saw |
| 15:05 | Crear | Villager (Male) |
| 15:33 | Construir | Farm |
| 15:34 | Crear | Villager (Male) |
| 15:56 | Investigar | Fervor |
| 15:59 | Investigar | Horse Collar |
| 15:59 | Investigar | Horse Collar |
| 16:00 | Investigar | Horse Collar |
| 16:00 | Crear | Villager (Male) |
| 16:03 | Construir | House |
| 16:05 | Construir | House |
| 16:05 | Crear | Villager (Male) |
| 16:06 | Crear | Villager (Male) |
| 16:06 | Crear | Villager (Male) |
| 16:20 | Construir | Farm |
| 16:24 | Crear | Monk |
| 16:33 | Crear | Villager (Male) |
| 16:33 | Crear | Villager (Male) |
| 16:36 | Construir | Farm |
| 16:37 | Construir | Farm |
| 16:55 | Crear | Villager (Male) |
| 16:57 | Crear | Villager (Male) |
| 17:12 | Construir | Farm |
| 17:13 | Crear | Villager (Male) |
| 17:20 | Construir | Town Center |
| 17:23 | Construir | House |
| 17:24 | Construir | House |
| 17:25 | Construir | House |
| 17:27 | Crear | Villager (Male) |
| 17:27 | Crear | Villager (Male) |
| 17:31 | Construir | Farm |
| 17:32 | Crear | Monk |
| 17:52 | Crear | Villager (Male) |
| 17:52 | Crear | Villager (Male) |
| 17:56 | Construir | Farm |
| 18:00 | Construir | Farm |
| 18:01 | Construir | Farm |
| 18:02 | Construir | Farm |
| 18:03 | Crear | Villager (Male) |
| 18:04 | Crear | Villager (Male) |
| 18:04 | Crear | Villager (Male) |
| 18:08 | Construir | Farm |
| 18:23 | Crear | Villager (Male) |
| 18:24 | Crear | Villager (Male) |
| 18:30 | Crear | Villager (Male) |
| 18:30 | Crear | Villager (Male) |
| 18:43 | Construir | Farm |
| 18:49 | Crear | Villager (Male) |
| 18:49 | Crear | Villager (Male) |
| 18:49 | Crear | Villager (Male) |
| 18:52 | Construir | Farm |
| 18:58 | Crear | Villager (Male) |
| 18:59 | Crear | Villager (Male) |
| 18:59 | Crear | Villager (Male) |
| 19:07 | Construir | Farm |
| 19:10 | Crear | Villager (Male) |
| 19:10 | Crear | Villager (Male) |
| 19:20 | Construir | Farm |
| 19:20 | Construir | Farm |
| 19:20 | Construir | Farm |
| 19:20 | Construir | Farm |
| 19:21 | Construir | Farm |
| 19:23 | Crear | Villager (Male) |
| 19:24 | Crear | Villager (Male) |
| 19:24 | Crear | Villager (Male) |
| 19:32 | Crear | Villager (Male) |
| 19:34 | Construir | House |
| 19:35 | Construir | House |
| 19:37 | Crear | Villager (Male) |
| 19:37 | Crear | Villager (Male) |
| 19:43 | Crear | Villager (Male) |
| 19:44 | Crear | Villager (Male) |
| 19:51 | Construir | Farm |
| 19:53 | Construir | Farm |
| 19:55 | Crear | Villager (Male) |
Build order — DS_RJP
Primeras 150 de 953 acciones detectadas
| 0:02 | Crear | Villager (Male) |
| 0:02 | Crear | Villager (Male) |
| 0:02 | Crear | Villager (Male) |
| 0:03 | Construir | House |
| 0:04 | Crear | Villager (Male) |
| 0:04 | Crear | Villager (Male) |
| 0:06 | Construir | House |
| 1:21 | Crear | Villager (Male) |
| 1:43 | Crear | Villager (Male) |
| 1:47 | Construir | Lumber Camp |
| 2:05 | Crear | Villager (Male) |
| 2:05 | Crear | Villager (Male) |
| 2:58 | Crear | Villager (Male) |
| 3:00 | Crear | Villager (Male) |
| 3:00 | Crear | Villager (Male) |
| 3:19 | Crear | Villager (Male) |
| 3:35 | Crear | Villager (Male) |
| 3:35 | Crear | Villager (Male) |
| 3:58 | Construir | House |
| 3:59 | Construir | House |
| 4:00 | Construir | House |
| 4:05 | Crear | Villager (Male) |
| 4:06 | Crear | Villager (Male) |
| 4:20 | Crear | Villager (Male) |
| 4:48 | Crear | Villager (Male) |
| 4:54 | Crear | Villager (Male) |
| 5:01 | Construir | Mill |
| 5:18 | Crear | Villager (Male) |
| 5:35 | Crear | Villager (Male) |
| 5:35 | Crear | Villager (Male) |
| 6:05 | Crear | Villager (Male) |
| 6:07 | Crear | Villager (Male) |
| 6:25 | Construir | Lumber Camp |
| 6:28 | Crear | Villager (Male) |
| 6:28 | Crear | Villager (Male) |
| 6:29 | Crear | Villager (Male) |
| 7:27 | Crear | Villager (Male) |
| 7:28 | Crear | Villager (Male) |
| 7:28 | Crear | Villager (Male) |
| 7:35 | Crear | Villager (Male) |
| 8:03 | Construir | Farm |
| 8:24 | Construir | Farm |
| 8:28 | Construir | Farm |
| 8:51 | Crear | Villager (Male) |
| 8:54 | Construir | Mining Camp |
| 8:58 | Investigar | Feudal Age |
| 9:52 | Crear | Villager (Male) |
| 9:53 | Crear | Villager (Male) |
| 10:21 | Construir | House |
| 11:24 | Edad | Edad Feudal |
| 11:26 | Construir | Market |
| 11:28 | Construir | Blacksmith |
| 12:17 | Investigar | Castle Age |
| 12:20 | Investigar | Double-Bit Axe |
| 12:21 | Investigar | Double-Bit Axe |
| 12:28 | Investigar | Horse Collar |
| 13:21 | Construir | Farm |
| 14:02 | Crear | Villager (Male) |
| 14:27 | Construir | Farm |
| 14:57 | Edad | Edad de los Castillos |
| 15:00 | Construir | Town Center |
| 15:20 | Construir | Town Center |
| 15:22 | Crear | Villager (Male) |
| 15:24 | Crear | Villager (Male) |
| 15:35 | Crear | Villager (Male) |
| 15:38 | Investigar | Bow Saw |
| 15:38 | Investigar | Bow Saw |
| 16:04 | Crear | Villager (Male) |
| 16:04 | Crear | Villager (Male) |
| 16:16 | Crear | Villager (Male) |
| 16:20 | Construir | Town Center |
| 16:22 | Construir | Farm |
| 16:23 | Construir | Farm |
| 16:31 | Crear | Villager (Male) |
| 16:32 | Crear | Villager (Male) |
| 16:43 | Construir | Farm |
| 16:46 | Crear | Villager (Male) |
| 16:49 | Investigar | Wheelbarrow |
| 16:58 | Crear | Villager (Male) |
| 17:03 | Construir | Farm |
| 17:23 | Crear | Villager (Male) |
| 17:24 | Crear | Villager (Male) |
| 17:24 | Crear | Villager (Male) |
| 17:26 | Construir | Farm |
| 17:31 | Construir | Farm |
| 17:34 | Crear | Villager (Male) |
| 17:44 | Crear | Villager (Male) |
| 17:45 | Crear | Villager (Male) |
| 18:06 | Crear | Villager (Male) |
| 18:07 | Crear | Villager (Male) |
| 18:07 | Crear | Villager (Male) |
| 18:22 | Crear | Villager (Male) |
| 18:27 | Construir | Farm |
| 18:30 | Construir | Farm |
| 18:37 | Crear | Villager (Male) |
| 18:37 | Crear | Villager (Male) |
| 18:38 | Crear | Villager (Male) |
| 18:42 | Construir | Farm |
| 18:49 | Crear | Villager (Male) |
| 18:52 | Construir | Farm |
| 18:55 | Crear | Villager (Male) |
| 18:55 | Crear | Villager (Male) |
| 19:04 | Crear | Villager (Male) |
| 19:08 | Construir | Farm |
| 19:11 | Construir | House |
| 19:26 | Construir | Farm |
| 19:27 | Construir | Farm |
| 19:28 | Construir | Farm |
| 19:30 | Construir | Farm |
| 19:34 | Crear | Villager (Male) |
| 19:48 | Crear | Villager (Male) |
| 19:48 | Crear | Villager (Male) |
| 19:48 | Crear | Villager (Male) |
| 19:49 | Crear | Villager (Male) |
| 19:54 | Crear | Villager (Male) |
| 19:55 | Crear | Villager (Male) |
| 20:00 | Construir | House |
| 20:01 | Construir | House |
| 20:08 | Crear | Villager (Male) |
| 20:08 | Crear | Villager (Male) |
| 20:21 | Construir | Farm |
| 20:22 | Construir | Farm |
| 20:32 | Construir | House |
| 20:33 | Construir | House |
| 20:35 | Construir | Farm |
| 20:43 | Crear | Villager (Male) |
| 20:50 | Crear | Villager (Male) |
| 20:50 | Crear | Villager (Male) |
| 20:50 | Crear | Villager (Male) |
| 20:53 | Construir | Outpost |
| 21:05 | Investigar | Hand Cart |
| 21:07 | Crear | Villager (Male) |
| 21:10 | Construir | University |
| 21:11 | Crear | Villager (Male) |
| 21:12 | Construir | House |
| 21:13 | Construir | House |
| 21:21 | Crear | Villager (Male) |
| 21:27 | Construir | Farm |
| 21:40 | Crear | Villager (Male) |
| 21:40 | Crear | Villager (Male) |
| 21:46 | Construir | Outpost |
| 21:51 | Crear | Villager (Male) |
| 21:52 | Construir | Farm |
| 21:53 | Construir | Farm |
| 21:57 | Crear | Villager (Male) |
| 22:01 | Construir | House |
| 22:02 | Construir | House |
| 22:03 | Construir | House |
| 22:04 | Construir | House |
| 22:07 | Crear | Villager (Male) |
Build order — tktk
Primeras 150 de 921 acciones detectadas
| 0:01 | Crear | Villager (Male) |
| 0:01 | Crear | Villager (Male) |
| 0:01 | Crear | Villager (Male) |
| 0:02 | Crear | Villager (Male) |
| 0:02 | Crear | Villager (Male) |
| 0:03 | Construir | House |
| 0:05 | Construir | House |
| 1:25 | Crear | Villager (Male) |
| 1:26 | Crear | Villager (Male) |
| 1:26 | Crear | Villager (Male) |
| 1:53 | Crear | Villager (Male) |
| 1:53 | Crear | Villager (Male) |
| 1:53 | Crear | Villager (Male) |
| 2:14 | Construir | Lumber Camp |
| 2:21 | Crear | Villager (Male) |
| 2:21 | Crear | Villager (Male) |
| 2:22 | Crear | Villager (Male) |
| 2:54 | Crear | Villager (Male) |
| 2:55 | Crear | Villager (Male) |
| 2:55 | Crear | Villager (Male) |
| 3:28 | Construir | House |
| 3:35 | Crear | Villager (Male) |
| 3:35 | Crear | Villager (Male) |
| 3:52 | Construir | House |
| 4:06 | Crear | Villager (Male) |
| 4:55 | Crear | Villager (Male) |
| 5:05 | Crear | Villager (Male) |
| 5:10 | Crear | Villager (Male) |
| 5:26 | Construir | Mill |
| 5:50 | Crear | Villager (Male) |
| 6:23 | Crear | Villager (Male) |
| 6:41 | Crear | Villager (Male) |
| 7:21 | Construir | Farm |
| 7:23 | Construir | Farm |
| 7:35 | Crear | Villager (Male) |
| 7:38 | Crear | Villager (Male) |
| 7:38 | Crear | Villager (Male) |
| 8:08 | Investigar | Feudal Age |
| 8:08 | Investigar | Feudal Age |
| 8:09 | Investigar | Feudal Age |
| 8:42 | Construir | Mining Camp |
| 9:39 | Construir | Palisade Wall |
| 9:58 | Construir | Mining Camp |
| 10:07 | Construir | Palisade Wall |
| 11:01 | Edad | Edad Feudal |
| 11:02 | Investigar | Loom |
| 11:07 | Construir | House |
| 11:17 | Construir | Watch Tower |
| 11:32 | Crear | Villager (Male) |
| 11:41 | Crear | Villager (Male) |
| 12:02 | Construir | Watch Tower |
| 12:02 | Crear | Villager (Male) |
| 12:08 | Construir | Blacksmith |
| 12:31 | Crear | Villager (Male) |
| 12:51 | Investigar | Fletching |
| 12:51 | Investigar | Fletching |
| 12:51 | Investigar | Fletching |
| 12:54 | Crear | Villager (Male) |
| 13:06 | Construir | Market |
| 13:45 | Investigar | Castle Age |
| 13:45 | Investigar | Castle Age |
| 13:45 | Investigar | Castle Age |
| 13:58 | Crear | Villager (Male) |
| 14:29 | Crear | Villager (Male) |
| 14:38 | Crear | Villager (Male) |
| 14:53 | Crear | Villager (Male) |
| 15:14 | Crear | Villager (Male) |
| 15:25 | Construir | Watch Tower |
| 15:41 | Construir | Watch Tower |
| 16:25 | Edad | Edad de los Castillos |
| 17:37 | Construir | House |
| 17:39 | Construir | Palisade Wall |
| 18:04 | Construir | Farm |
| 18:07 | Crear | Villager (Male) |
| 18:11 | Construir | Farm |
| 18:29 | Construir | Farm |
| 18:35 | Construir | Farm |
| 18:38 | Construir | Farm |
| 19:00 | Crear | Villager (Male) |
| 19:09 | Construir | Town Center |
| 19:34 | Crear | Villager (Male) |
| 19:54 | Crear | Villager (Male) |
| 20:14 | Crear | Villager (Male) |
| 20:22 | Construir | Farm |
| 20:23 | Construir | Farm |
| 20:25 | Crear | Villager (Male) |
| 20:40 | Construir | Town Center |
| 20:43 | Crear | Villager (Male) |
| 20:58 | Construir | Farm |
| 21:04 | Crear | Villager (Male) |
| 21:04 | Crear | Villager (Male) |
| 21:04 | Crear | Villager (Male) |
| 21:04 | Crear | Villager (Male) |
| 21:16 | Construir | Farm |
| 21:21 | Construir | Farm |
| 21:25 | Construir | Farm |
| 21:26 | Construir | Farm |
| 21:27 | Crear | Villager (Male) |
| 21:27 | Crear | Villager (Male) |
| 21:34 | Construir | Farm |
| 21:50 | Crear | Villager (Male) |
| 21:57 | Construir | Farm |
| 22:01 | Construir | Farm |
| 22:04 | Construir | Farm |
| 22:05 | Crear | Villager (Male) |
| 22:10 | Construir | Farm |
| 22:31 | Crear | Villager (Male) |
| 22:31 | Crear | Villager (Male) |
| 22:39 | Construir | Farm |
| 22:42 | Construir | Farm |
| 22:46 | Crear | Villager (Male) |
| 22:51 | Construir | Farm |
| 22:52 | Crear | Villager (Male) |
| 22:52 | Crear | Villager (Male) |
| 23:04 | Construir | Farm |
| 23:05 | Crear | Villager (Male) |
| 23:06 | Crear | Villager (Male) |
| 23:10 | Construir | Farm |
| 23:18 | Crear | Villager (Male) |
| 23:25 | Construir | House |
| 23:27 | Construir | House |
| 23:32 | Construir | House |
| 23:38 | Investigar | Wheelbarrow |
| 23:38 | Investigar | Wheelbarrow |
| 23:53 | Construir | House |
| 23:54 | Construir | House |
| 24:13 | Construir | Stone Wall |
| 24:24 | Crear | Villager (Male) |
| 24:24 | Crear | Villager (Male) |
| 24:32 | Construir | Farm |
| 24:33 | Crear | Villager (Male) |
| 24:33 | Crear | Villager (Male) |
| 24:53 | Crear | Villager (Male) |
| 24:54 | Crear | Villager (Male) |
| 25:10 | Crear | Villager (Male) |
| 25:19 | Construir | House |
| 25:43 | Construir | House |
| 25:53 | Crear | Villager (Male) |
| 26:22 | Crear | Villager (Male) |
| 26:42 | Crear | Villager (Male) |
| 26:42 | Crear | Villager (Male) |
| 26:46 | Crear | Villager (Male) |
| 26:46 | Crear | Villager (Male) |
| 26:46 | Crear | Villager (Male) |
| 26:58 | Crear | Villager (Male) |
| 27:00 | Construir | Barracks |
| 27:08 | Crear | Villager (Male) |
| 27:11 | Crear | Villager (Male) |
| 27:21 | Crear | Villager (Male) |
| 27:33 | Crear | Villager (Male) |
Build order — DS_TheHeartless
Primeras 150 de 684 acciones detectadas
| 0:00 | Crear | Villager (Male) |
| 0:02 | Construir | House |
| 0:08 | Crear | Villager (Male) |
| 0:11 | Crear | Villager (Male) |
| 0:24 | Crear | Villager (Male) |
| 1:23 | Crear | Villager (Male) |
| 1:56 | Construir | Settlement |
| 2:03 | Crear | Villager (Male) |
| 2:24 | Crear | Villager (Male) |
| 2:50 | Crear | Villager (Male) |
| 3:12 | Crear | Villager (Male) |
| 3:27 | Construir | Settlement |
| 3:32 | Crear | Villager (Male) |
| 4:03 | Crear | Villager (Male) |
| 4:04 | Crear | Villager (Male) |
| 4:33 | Crear | Villager (Male) |
| 4:37 | Crear | Villager (Male) |
| 4:37 | Crear | Villager (Male) |
| 4:45 | Crear | Villager (Male) |
| 5:22 | Crear | Villager (Male) |
| 5:25 | Crear | Villager (Male) |
| 5:34 | Crear | Villager (Male) |
| 5:54 | Construir | Settlement |
| 6:00 | Crear | Villager (Male) |
| 6:16 | Crear | Villager (Male) |
| 6:26 | Crear | Villager (Male) |
| 6:54 | Crear | Villager (Male) |
| 7:20 | Investigar | Feudal Age |
| 7:21 | Investigar | Feudal Age |
| 8:17 | Crear | Villager (Male) |
| 8:17 | Crear | Villager (Male) |
| 8:19 | Construir | Farm |
| 8:21 | Construir | Farm |
| 9:41 | Edad | Edad Feudal |
| 9:42 | Construir | Market |
| 9:51 | Crear | Villager (Male) |
| 10:13 | Construir | Blacksmith |
| 10:34 | Crear | Villager (Male) |
| 10:47 | Investigar | Castle Age |
| 10:48 | Investigar | Castle Age |
| 11:17 | Construir | House |
| 11:18 | Construir | House |
| 12:04 | Crear | Villager (Male) |
| 12:26 | Crear | Villager (Male) |
| 13:02 | Investigar | Double-Bit Axe |
| 13:04 | Investigar | Horse Collar |
| 13:15 | Construir | Outpost |
| 13:26 | Investigar | Loom |
| 13:27 | Crear | Villager (Male) |
| 13:39 | Edad | Edad de los Castillos |
| 13:44 | Construir | Monastery |
| 13:46 | Crear | Villager (Male) |
| 14:02 | Construir | Town Center |
| 14:03 | Crear | Villager (Male) |
| 14:17 | Crear | Monk |
| 14:33 | Investigar | Bow Saw |
| 14:37 | Construir | Farm |
| 14:39 | Construir | Farm |
| 14:41 | Crear | Villager (Male) |
| 14:43 | Crear | Villager (Male) |
| 14:51 | Crear | Villager (Male) |
| 14:53 | Crear | Villager (Male) |
| 15:02 | Crear | Unit 2586 |
| 15:31 | Crear | Villager (Male) |
| 16:07 | Crear | Villager (Male) |
| 16:10 | Construir | Farm |
| 16:11 | Construir | Farm |
| 16:12 | Construir | Farm |
| 16:29 | Crear | Villager (Male) |
| 16:29 | Crear | Villager (Male) |
| 16:36 | Construir | Stone Wall |
| 16:42 | Crear | Villager (Male) |
| 16:44 | Crear | Villager (Male) |
| 16:49 | Construir | Stone Wall |
| 16:51 | Construir | Stone Wall |
| 16:58 | Crear | Monk |
| 17:01 | Construir | House |
| 17:06 | Construir | Farm |
| 17:06 | Construir | Farm |
| 17:22 | Crear | Villager (Male) |
| 17:28 | Construir | Farm |
| 17:35 | Construir | Farm |
| 17:38 | Construir | Farm |
| 17:40 | Construir | Farm |
| 17:42 | Construir | Farm |
| 17:49 | Crear | Villager (Male) |
| 17:49 | Crear | Villager (Male) |
| 17:53 | Crear | Monk |
| 17:58 | Construir | Farm |
| 17:59 | Construir | Farm |
| 18:04 | Construir | Settlement |
| 18:10 | Crear | Villager (Male) |
| 18:10 | Crear | Villager (Male) |
| 18:36 | Construir | Siege Workshop |
| 18:40 | Crear | Villager (Male) |
| 18:40 | Crear | Villager (Male) |
| 18:40 | Crear | Villager (Male) |
| 18:48 | Crear | Villager (Male) |
| 19:14 | Crear | Mangonel |
| 19:15 | Crear | Villager (Male) |
| 19:16 | Crear | Villager (Male) |
| 19:27 | Crear | Villager (Male) |
| 19:37 | Crear | Villager (Male) |
| 19:37 | Crear | Villager (Male) |
| 19:48 | Crear | Villager (Male) |
| 19:48 | Crear | Villager (Male) |
| 19:50 | Construir | Farm |
| 19:52 | Construir | Farm |
| 19:57 | Construir | House |
| 20:16 | Crear | Villager (Male) |
| 20:25 | Crear | Villager (Male) |
| 20:32 | Crear | Villager (Male) |
| 20:39 | Construir | Castle |
| 20:47 | Investigar | Fletching |
| 20:48 | Investigar | Fletching |
| 20:49 | Crear | Villager (Male) |
| 20:51 | Construir | House |
| 21:04 | Crear | Villager (Male) |
| 21:24 | Construir | Farm |
| 21:24 | Construir | Farm |
| 21:24 | Construir | Farm |
| 21:24 | Construir | Farm |
| 21:25 | Construir | Farm |
| 21:25 | Construir | Farm |
| 21:30 | Crear | Villager (Male) |
| 21:39 | Crear | Villager (Male) |
| 21:53 | Construir | Settlement |
| 21:54 | Construir | Farm |
| 21:54 | Construir | Farm |
| 21:54 | Construir | Farm |
| 21:55 | Construir | Farm |
| 21:55 | Construir | Farm |
| 21:55 | Construir | Farm |
| 21:55 | Construir | Farm |
| 21:56 | Construir | Farm |
| 22:00 | Crear | Villager (Male) |
| 22:07 | Crear | Villager (Male) |
| 22:13 | Crear | Villager (Male) |
| 22:14 | Crear | Villager (Male) |
| 22:20 | Crear | Villager (Male) |
| 22:20 | Crear | Villager (Male) |
| 22:29 | Construir | Farm |
| 22:31 | Construir | Farm |
| 22:36 | Construir | Farm |
| 22:40 | Construir | Farm |
| 22:40 | Crear | Villager (Male) |
| 22:47 | Crear | Villager (Male) |
| 22:47 | Crear | Villager (Male) |
| 22:50 | Construir | House |
| 22:51 | Construir | House |
Build order — 小刀
Primeras 150 de 992 acciones detectadas
| 0:01 | Crear | Villager (Male) |
| 0:02 | Crear | Villager (Male) |
| 0:02 | Crear | Villager (Male) |
| 0:02 | Crear | Villager (Male) |
| 0:02 | Crear | Villager (Male) |
| 0:04 | Construir | House |
| 0:39 | Construir | House |
| 0:40 | Construir | House |
| 0:41 | Construir | House |
| 1:34 | Crear | Villager (Male) |
| 2:08 | Crear | Villager (Male) |
| 2:09 | Crear | Villager (Male) |
| 2:19 | Construir | Lumber Camp |
| 2:35 | Crear | Villager (Male) |
| 2:46 | Crear | Villager (Male) |
| 2:46 | Crear | Villager (Male) |
| 2:47 | Crear | Villager (Male) |
| 2:48 | Crear | Villager (Male) |
| 3:30 | Crear | Villager (Male) |
| 3:30 | Crear | Villager (Male) |
| 4:08 | Crear | Villager (Male) |
| 4:09 | Crear | Villager (Male) |
| 4:09 | Crear | Villager (Male) |
| 4:10 | Crear | Villager (Male) |
| 4:10 | Crear | Villager (Male) |
| 4:37 | Crear | Villager (Male) |
| 5:18 | Construir | Mill |
| 5:20 | Crear | Villager (Male) |
| 5:20 | Crear | Villager (Male) |
| 5:48 | Crear | Villager (Male) |
| 6:13 | Crear | Villager (Male) |
| 6:13 | Crear | Villager (Male) |
| 6:14 | Crear | Villager (Male) |
| 6:14 | Crear | Villager (Male) |
| 6:31 | Crear | Villager (Male) |
| 7:03 | Construir | Farm |
| 7:06 | Construir | Farm |
| 7:08 | Construir | Farm |
| 7:18 | Construir | Farm |
| 7:40 | Construir | Farm |
| 8:05 | Construir | Farm |
| 8:24 | Investigar | Feudal Age |
| 8:24 | Investigar | Feudal Age |
| 8:59 | Construir | Mining Camp |
| 9:36 | Construir | House |
| 10:33 | Crear | Villager (Male) |
| 10:34 | Crear | Villager (Male) |
| 10:36 | Edad | Edad Feudal |
| 10:39 | Construir | Market |
| 10:49 | Crear | Villager (Male) |
| 11:06 | Construir | Blacksmith |
| 11:54 | Investigar | Castle Age |
| 11:55 | Investigar | Castle Age |
| 12:46 | Investigar | Double-Bit Axe |
| 12:50 | Investigar | Gold Mining |
| 12:50 | Investigar | Gold Mining |
| 12:58 | Investigar | Horse Collar |
| 12:58 | Investigar | Horse Collar |
| 13:50 | Construir | House |
| 14:16 | Crear | Villager (Male) |
| 14:32 | Investigar | Loom |
| 14:34 | Edad | Edad de los Castillos |
| 14:35 | Investigar | Wheelbarrow |
| 14:38 | Construir | Town Center |
| 14:44 | Crear | Villager (Male) |
| 14:53 | Construir | Town Center |
| 15:06 | Crear | Villager (Male) |
| 15:33 | Crear | Villager (Male) |
| 15:40 | Crear | Villager (Male) |
| 15:48 | Crear | Villager (Male) |
| 15:52 | Crear | Villager (Male) |
| 16:08 | Construir | Town Center |
| 16:14 | Crear | Villager (Male) |
| 16:18 | Crear | Villager (Male) |
| 16:21 | Construir | Farm |
| 16:23 | Crear | Villager (Male) |
| 16:29 | Construir | Farm |
| 16:31 | Crear | Villager (Male) |
| 16:35 | Crear | Villager (Male) |
| 16:39 | Construir | Farm |
| 16:44 | Construir | Farm |
| 16:45 | Crear | Villager (Male) |
| 16:49 | Crear | Villager (Male) |
| 16:57 | Construir | Farm |
| 16:57 | Construir | Farm |
| 17:00 | Crear | Villager (Male) |
| 17:05 | Crear | Villager (Male) |
| 17:24 | Construir | Mill |
| 17:32 | Crear | Villager (Male) |
| 17:34 | Construir | Farm |
| 17:35 | Construir | Farm |
| 17:36 | Crear | Villager (Male) |
| 17:43 | Crear | Villager (Male) |
| 17:52 | Construir | Farm |
| 17:55 | Crear | Villager (Male) |
| 18:03 | Construir | Farm |
| 18:10 | Construir | Farm |
| 18:11 | Crear | Villager (Male) |
| 18:12 | Crear | Villager (Male) |
| 18:17 | Construir | Farm |
| 18:26 | Crear | Villager (Male) |
| 18:26 | Crear | Villager (Male) |
| 18:30 | Construir | House |
| 18:31 | Construir | House |
| 18:34 | Crear | Villager (Male) |
| 18:38 | Construir | Farm |
| 18:38 | Construir | Farm |
| 18:42 | Crear | Villager (Male) |
| 18:42 | Crear | Villager (Male) |
| 18:44 | Crear | Villager (Male) |
| 18:47 | Construir | Farm |
| 18:53 | Construir | Farm |
| 18:56 | Crear | Villager (Male) |
| 18:59 | Construir | House |
| 19:09 | Crear | Villager (Male) |
| 19:09 | Crear | Villager (Male) |
| 19:11 | Crear | Villager (Male) |
| 19:11 | Crear | Villager (Male) |
| 19:14 | Construir | Farm |
| 19:18 | Construir | Farm |
| 19:19 | Crear | Villager (Male) |
| 19:25 | Construir | Farm |
| 19:25 | Crear | Villager (Male) |
| 19:26 | Crear | Villager (Male) |
| 19:32 | Crear | Villager (Male) |
| 19:34 | Construir | Farm |
| 19:40 | Construir | Farm |
| 19:40 | Crear | Villager (Male) |
| 19:41 | Crear | Villager (Male) |
| 19:53 | Construir | Farm |
| 19:54 | Crear | Villager (Male) |
| 19:54 | Crear | Villager (Male) |
| 19:54 | Crear | Villager (Male) |
| 20:00 | Construir | Farm |
| 20:03 | Crear | Villager (Male) |
| 20:03 | Crear | Villager (Male) |
| 20:07 | Crear | Villager (Male) |
| 20:07 | Crear | Villager (Male) |
| 20:12 | Construir | Farm |
| 20:16 | Crear | Villager (Male) |
| 20:27 | Construir | Farm |
| 20:27 | Crear | Villager (Male) |
| 20:28 | Crear | Villager (Male) |
| 20:30 | Construir | Farm |
| 20:30 | Crear | Villager (Male) |
| 20:35 | Construir | House |
| 20:42 | Crear | Villager (Male) |
| 20:42 | Crear | Villager (Male) |
| 20:51 | Construir | House |
| 20:52 | Construir | House |
Build order — DS_Moai
Primeras 150 de 692 acciones detectadas
| 0:01 | Crear | Villager (Male) |
| 0:01 | Crear | Villager (Male) |
| 0:01 | Crear | Villager (Male) |
| 0:02 | Construir | House |
| 0:03 | Construir | House |
| 0:11 | Crear | Villager (Male) |
| 0:12 | Crear | Villager (Male) |
| 1:35 | Crear | Villager (Male) |
| 1:52 | Construir | Lumber Camp |
| 1:59 | Crear | Villager (Male) |
| 2:00 | Crear | Villager (Male) |
| 2:23 | Crear | Villager (Male) |
| 2:52 | Crear | Villager (Male) |
| 3:06 | Construir | House |
| 3:18 | Crear | Villager (Male) |
| 3:36 | Crear | Villager (Male) |
| 4:00 | Construir | Mill |
| 4:05 | Crear | Villager (Male) |
| 4:30 | Crear | Villager (Male) |
| 4:49 | Crear | Villager (Male) |
| 5:20 | Crear | Villager (Male) |
| 5:38 | Construir | House |
| 5:42 | Crear | Villager (Male) |
| 6:11 | Crear | Villager (Male) |
| 6:29 | Crear | Villager (Male) |
| 7:01 | Crear | Villager (Male) |
| 7:17 | Construir | Farm |
| 7:21 | Construir | Mining Camp |
| 7:28 | Crear | Villager (Male) |
| 7:54 | Investigar | Feudal Age |
| 8:22 | Construir | Farm |
| 8:41 | Construir | Farm |
| 10:05 | Construir | Lumber Camp |
| 10:06 | Edad | Edad Feudal |
| 10:07 | Investigar | Castle Age |
| 10:47 | Investigar | Double-Bit Axe |
| 11:07 | Construir | House |
| 11:53 | Construir | Stable |
| 12:02 | Investigar | Horse Collar |
| 12:02 | Investigar | Horse Collar |
| 12:13 | Crear | Villager (Male) |
| 12:40 | Construir | Farm |
| 12:47 | Edad | Edad de los Castillos |
| 12:53 | Crear | Scout Cavalry |
| 12:57 | Crear | Villager (Male) |
| 13:18 | Construir | Town Center |
| 13:23 | Crear | Scout Cavalry |
| 13:29 | Crear | Villager (Male) |
| 13:32 | Investigar | Bow Saw |
| 13:56 | Crear | Scout Cavalry |
| 14:00 | Construir | House |
| 14:08 | Crear | Villager (Male) |
| 14:32 | Crear | Villager (Male) |
| 14:33 | Crear | Villager (Male) |
| 14:37 | Construir | Farm |
| 14:40 | Construir | Farm |
| 14:41 | Crear | Villager (Male) |
| 14:48 | Construir | Farm |
| 15:12 | Crear | Villager (Male) |
| 15:12 | Crear | Villager (Male) |
| 15:14 | Construir | Farm |
| 15:29 | Crear | Villager (Male) |
| 15:29 | Crear | Villager (Male) |
| 15:36 | Construir | Town Center |
| 15:40 | Crear | Villager (Male) |
| 15:53 | Construir | Farm |
| 15:55 | Construir | Farm |
| 15:56 | Construir | Farm |
| 15:57 | Construir | Farm |
| 16:03 | Crear | Villager (Male) |
| 16:03 | Crear | Villager (Male) |
| 16:15 | Crear | Villager (Male) |
| 16:17 | Construir | Farm |
| 16:23 | Construir | Farm |
| 16:30 | Crear | Villager (Male) |
| 16:32 | Construir | House |
| 16:37 | Construir | Farm |
| 16:48 | Crear | Villager (Male) |
| 16:48 | Crear | Villager (Male) |
| 16:49 | Construir | Farm |
| 17:03 | Construir | Farm |
| 17:05 | Crear | Villager (Male) |
| 17:06 | Crear | Villager (Male) |
| 17:09 | Construir | House |
| 17:18 | Construir | Farm |
| 17:19 | Crear | Villager (Male) |
| 17:19 | Crear | Villager (Male) |
| 17:42 | Crear | Villager (Male) |
| 17:42 | Crear | Villager (Male) |
| 17:55 | Crear | Villager (Male) |
| 18:00 | Construir | Farm |
| 18:02 | Construir | Farm |
| 18:04 | Crear | Villager (Male) |
| 18:04 | Crear | Villager (Male) |
| 18:18 | Construir | Farm |
| 18:19 | Crear | Villager (Male) |
| 18:20 | Crear | Villager (Male) |
| 18:25 | Construir | Farm |
| 18:26 | Crear | Villager (Male) |
| 18:36 | Crear | Villager (Male) |
| 18:41 | Crear | Villager (Male) |
| 18:44 | Construir | Lumber Camp |
| 18:59 | Crear | Villager (Male) |
| 18:59 | Crear | Villager (Male) |
| 19:00 | Crear | Villager (Male) |
| 19:07 | Construir | Farm |
| 19:19 | Crear | Villager (Male) |
| 19:21 | Construir | House |
| 19:35 | Investigar | Heavy Plow |
| 19:43 | Crear | Villager (Male) |
| 19:43 | Crear | Villager (Male) |
| 19:51 | Construir | Farm |
| 20:03 | Crear | Villager (Male) |
| 20:03 | Crear | Villager (Male) |
| 20:03 | Crear | Villager (Male) |
| 20:12 | Crear | Villager (Male) |
| 20:14 | Construir | House |
| 20:18 | Construir | Town Center |
| 20:24 | Investigar | Gold Mining |
| 20:25 | Crear | Villager (Male) |
| 20:25 | Crear | Villager (Male) |
| 20:28 | Construir | Farm |
| 20:34 | Construir | House |
| 20:38 | Crear | Villager (Male) |
| 20:39 | Crear | Villager (Male) |
| 20:49 | Construir | Farm |
| 20:50 | Construir | Farm |
| 20:52 | Construir | Farm |
| 21:02 | Crear | Villager (Male) |
| 21:07 | Crear | Villager (Male) |
| 21:07 | Crear | Villager (Male) |
| 21:10 | Construir | House |
| 21:14 | Construir | Farm |
| 21:19 | Construir | Farm |
| 21:20 | Construir | Farm |
| 21:21 | Construir | Farm |
| 21:23 | Crear | Villager (Male) |
| 21:23 | Crear | Villager (Male) |
| 21:29 | Crear | Scout Cavalry |
| 21:31 | Construir | House |
| 21:32 | Crear | Villager (Male) |
| 21:33 | Crear | Villager (Male) |
| 21:42 | Crear | Villager (Male) |
| 21:42 | Crear | Villager (Male) |
| 21:57 | Crear | Villager (Male) |
| 21:57 | Crear | Villager (Male) |
| 22:01 | Construir | House |
| 22:02 | Crear | Villager (Male) |
| 22:08 | Construir | Town Center |
| 22:10 | Crear | Villager (Male) |
Build order — 左
Primeras 150 de 872 acciones detectadas
| 0:07 | Construir | House |
| 0:08 | Construir | House |
| 0:09 | Crear | Villager (Male) |
| 0:09 | Crear | Villager (Male) |
| 0:09 | Crear | Villager (Male) |
| 0:09 | Crear | Villager (Male) |
| 1:37 | Crear | Villager (Male) |
| 1:37 | Crear | Villager (Male) |
| 1:57 | Crear | Villager (Male) |
| 1:58 | Crear | Villager (Male) |
| 2:19 | Construir | Lumber Camp |
| 2:31 | Crear | Villager (Male) |
| 2:31 | Crear | Villager (Male) |
| 2:43 | Crear | Villager (Male) |
| 2:43 | Crear | Villager (Male) |
| 2:43 | Crear | Villager (Male) |
| 2:59 | Crear | Villager (Male) |
| 3:00 | Crear | Villager (Male) |
| 3:12 | Construir | House |
| 3:36 | Crear | Villager (Male) |
| 3:36 | Crear | Villager (Male) |
| 3:36 | Crear | Villager (Male) |
| 4:05 | Crear | Villager (Male) |
| 4:05 | Crear | Villager (Male) |
| 4:05 | Crear | Villager (Male) |
| 4:38 | Crear | Villager (Male) |
| 4:39 | Crear | Villager (Male) |
| 4:39 | Crear | Villager (Male) |
| 4:47 | Crear | Villager (Male) |
| 4:47 | Crear | Villager (Male) |
| 4:47 | Crear | Villager (Male) |
| 4:54 | Construir | Mill |
| 5:05 | Construir | House |
| 5:28 | Crear | Villager (Male) |
| 5:28 | Crear | Villager (Male) |
| 5:28 | Crear | Villager (Male) |
| 5:36 | Crear | Villager (Male) |
| 5:36 | Crear | Villager (Male) |
| 6:32 | Crear | Villager (Male) |
| 6:32 | Crear | Villager (Male) |
| 6:54 | Construir | Mining Camp |
| 8:02 | Investigar | Feudal Age |
| 8:02 | Investigar | Feudal Age |
| 10:10 | Crear | Villager (Male) |
| 10:10 | Crear | Villager (Male) |
| 10:12 | Edad | Edad Feudal |
| 10:18 | Construir | Market |
| 10:22 | Construir | Blacksmith |
| 11:52 | Investigar | Castle Age |
| 11:52 | Investigar | Castle Age |
| 11:58 | Construir | Mining Camp |
| 12:20 | Construir | House |
| 13:18 | Crear | Villager (Male) |
| 13:18 | Crear | Villager (Male) |
| 13:26 | Construir | Farm |
| 13:30 | Construir | Farm |
| 13:39 | Construir | Farm |
| 14:05 | Construir | Farm |
| 14:23 | Investigar | Loom |
| 14:32 | Edad | Edad de los Castillos |
| 14:42 | Crear | Villager (Male) |
| 14:42 | Crear | Villager (Male) |
| 14:59 | Crear | Villager (Male) |
| 14:59 | Crear | Villager (Male) |
| 15:11 | Construir | Castle |
| 15:22 | Crear | Villager (Male) |
| 16:08 | Crear | Villager (Male) |
| 16:08 | Crear | Villager (Male) |
| 16:22 | Construir | Mining Camp |
| 16:37 | Investigar | Fletching |
| 16:37 | Investigar | Fletching |
| 16:41 | Investigar | Double-Bit Axe |
| 16:41 | Investigar | Double-Bit Axe |
| 16:44 | Investigar | Gold Mining |
| 16:44 | Investigar | Gold Mining |
| 16:58 | Crear | Samurai |
| 17:23 | Crear | Villager (Male) |
| 17:23 | Crear | Villager (Male) |
| 18:12 | Crear | Villager (Male) |
| 18:12 | Crear | Villager (Male) |
| 18:24 | Construir | Farm |
| 18:25 | Construir | Farm |
| 18:27 | Construir | Farm |
| 18:29 | Crear | Villager (Male) |
| 18:30 | Crear | Villager (Male) |
| 19:17 | Crear | Villager (Male) |
| 19:26 | Construir | Siege Workshop |
| 19:42 | Construir | Castle |
| 19:55 | Crear | Villager (Male) |
| 19:55 | Crear | Villager (Male) |
| 19:55 | Crear | Villager (Male) |
| 19:56 | Construir | Farm |
| 20:00 | Construir | Farm |
| 20:00 | Construir | Farm |
| 20:03 | Crear | Villager (Male) |
| 20:03 | Crear | Villager (Male) |
| 20:03 | Crear | Villager (Male) |
| 20:40 | Crear | Villager (Male) |
| 20:41 | Crear | Villager (Male) |
| 20:45 | Crear | Mangonel |
| 21:22 | Crear | Villager (Male) |
| 21:22 | Crear | Villager (Male) |
| 21:23 | Crear | Villager (Male) |
| 21:25 | Construir | Farm |
| 21:26 | Construir | Farm |
| 21:48 | Crear | Villager (Male) |
| 21:48 | Crear | Villager (Male) |
| 21:56 | Crear | Villager (Male) |
| 21:57 | Crear | Villager (Male) |
| 21:57 | Crear | Villager (Male) |
| 21:57 | Crear | Villager (Male) |
| 22:01 | Construir | Farm |
| 22:23 | Crear | Villager (Male) |
| 22:24 | Crear | Villager (Male) |
| 22:24 | Crear | Villager (Male) |
| 22:37 | Construir | Farm |
| 22:50 | Investigar | Bodkin Arrow |
| 22:50 | Investigar | Bodkin Arrow |
| 22:53 | Construir | Farm |
| 22:54 | Construir | Farm |
| 22:57 | Crear | Villager (Male) |
| 22:57 | Crear | Villager (Male) |
| 22:57 | Crear | Villager (Male) |
| 23:09 | Construir | Castle |
| 25:05 | Construir | Farm |
| 25:06 | Crear | Villager (Male) |
| 25:07 | Crear | Villager (Male) |
| 25:11 | Construir | University |
| 25:23 | Crear | Battering Ram |
| 25:24 | Crear | Battering Ram |
| 25:31 | Crear | Battering Ram |
| 25:32 | Crear | Battering Ram |
| 25:48 | Construir | Castle |
| 25:50 | Crear | Villager (Male) |
| 25:50 | Crear | Villager (Male) |
| 25:50 | Crear | Villager (Male) |
| 25:51 | Crear | Villager (Male) |
| 25:51 | Crear | Villager (Male) |
| 26:06 | Crear | Petard |
| 26:06 | Crear | Petard |
| 26:07 | Crear | Petard |
| 26:10 | Crear | Petard |
| 26:10 | Crear | Petard |
| 26:10 | Crear | Petard |
| 26:21 | Crear | Battering Ram |
| 26:22 | Crear | Battering Ram |
| 26:24 | Crear | Villager (Male) |
| 26:24 | Crear | Villager (Male) |
| 26:24 | Crear | Villager (Male) |
| 26:46 | Crear | Petard |
Cronología de la partida
| 8:56 | DL | Tortafuller · age_up feudal |
| 9:39 | tktk · wall_segment Palisade Wall x5 |
| 9:41 | DS_TheHeartless · age_up feudal |
| 10:06 | DS_Moai · age_up feudal |
| 10:07 | tktk · wall_segment Palisade Wall x1 |
| 10:12 | 左 · age_up feudal |
| 10:36 | 小刀 · age_up feudal |
| 10:56 | Cat&Moon · age_up feudal |
| 11:01 | tktk · age_up feudal |
| 11:24 | DS_RJP · age_up feudal |
| 11:53 | DS_Moai · first_building Stable |
| 12:47 | DS_Moai · age_up castle |
| 13:14 | DL | Tortafuller · wall_segment Palisade Wall x1 |
| 13:15 | DL | Tortafuller · wall_segment Palisade Wall x1 |
| 13:18 | DL | Tortafuller · wall_segment Palisade Wall x1 |
| 13:19 | DL | Tortafuller · wall_segment Palisade Wall x1 |
| 13:39 | DS_TheHeartless · age_up castle |
| 13:44 | DS_TheHeartless · first_building Monastery |
| 13:55 | DS_TheHeartless · first_market_buy 100 wood |
| 14:03 | DL | Tortafuller · wall_segment Palisade Wall x1 |
| 14:17 | DL | Tortafuller · wall_segment Palisade Wall x1 |
| 14:19 | DL | Tortafuller · wall_segment Palisade Wall x1 |
| 14:20 | DL | Tortafuller · wall_segment Palisade Wall x1 |
| 14:32 | 左 · age_up castle |
| 14:34 | 小刀 · age_up castle |
| 14:51 | Cat&Moon · age_up castle |
| 14:52 | DL | Tortafuller · wall_segment Palisade Wall x1 |
| 14:57 | DS_RJP · age_up castle |
| 14:59 | Cat&Moon · first_building Monastery |
| 15:01 | DL | Tortafuller · wall_segment Palisade Wall x1 |
| 15:02 | DL | Tortafuller · wall_segment Palisade Wall x1 |
| 15:02 | DL | Tortafuller · wall_segment Palisade Wall x1 |
| 15:11 | 左 · first_building Castle |
| 16:14 | DS_RJP · first_market_buy 100 stone |
| 16:25 | tktk · age_up castle |
| 16:36 | DS_TheHeartless · wall_segment Stone Wall x16 |
| 16:49 | DS_TheHeartless · wall_segment Stone Wall x1 |
| 16:51 | DS_TheHeartless · wall_segment Stone Wall x1 |
| 16:56 | DS_TheHeartless · first_market_sell 100 wood |
| 17:39 | tktk · wall_segment Palisade Wall x1 |
| 18:36 | DS_TheHeartless · first_building Siege Workshop |
| 19:00 | tktk · first_market_buy 100 food |
| 19:26 | 左 · first_building Siege Workshop |
| 19:47 | DL | Tortafuller · wall_segment Stone Wall x1 |
| 20:17 | DL | Tortafuller · wall_segment Palisade Wall x1 |
| 20:18 | DL | Tortafuller · wall_segment Palisade Wall x1 |
| 20:19 | DL | Tortafuller · wall_segment Palisade Wall x1 |
| 20:39 | DS_TheHeartless · first_building Castle |
| 21:19 | Cat&Moon · first_market_buy 100 food |
| 21:43 | DL | Tortafuller · first_building Barracks |
| 21:47 | DL | Tortafuller · wall_segment Palisade Wall x1 |
| 21:48 | DL | Tortafuller · wall_segment Palisade Wall x1 |
| 21:49 | DL | Tortafuller · wall_segment Palisade Wall x1 |
| 22:31 | 小刀 · first_building Castle |
| 23:01 | DS_RJP · first_building Monastery |
| 23:05 | DL | Tortafuller · first_market_buy 100 stone |
| 23:24 | DL | Tortafuller · age_up castle |
| 23:25 | DS_Moai · first_building Monastery |
| 23:31 | DL | Tortafuller · first_market_sell 100 food |
| 23:38 | 小刀 · first_market_buy 100 wood |
| 23:53 | DL | Tortafuller · first_building Castle |
| 24:13 | tktk · wall_segment Stone Wall x12 |
| 24:34 | Cat&Moon · first_building Castle |
| 24:42 | DS_RJP · first_building Castle |
| 24:45 | Cat&Moon · first_market_sell 100 wood |
| 24:49 | 小刀 · first_building Donjon |
| 25:20 | Cat&Moon · wall_segment Palisade Wall x1 |
| 25:32 | 小刀 · first_building Barracks |
| 25:40 | DS_TheHeartless · wall_segment Stone Wall x2 |
| 25:44 | Cat&Moon · first_building Barracks |
| 26:18 | Cat&Moon · first_building Siege Workshop |
| 26:22 | DS_RJP · first_building Barracks |
| 27:00 | tktk · first_building Barracks |
| 27:09 | DS_RJP · first_building Archery Range |
| 27:24 | DS_RJP · first_building Siege Workshop |
| 27:38 | Cat&Moon · wall_segment Palisade Wall x1 |
| 28:02 | Cat&Moon · age_up imperial |
| 28:16 | DS_RJP · wall_segment Palisade Wall x1 |
| 28:28 | DS_Moai · first_building Castle |
| 28:36 | DS_TheHeartless · wall_segment Stone Wall x1 |
| 28:56 | DS_RJP · age_up imperial |
| 29:05 | DS_TheHeartless · wall_segment Stone Wall x1 |
| 29:30 | 小刀 · age_up imperial |
| 29:34 | DL | Tortafuller · first_building Siege Workshop |
| 29:43 | 小刀 · first_market_sell 500 wood |
| 30:08 | DS_TheHeartless · age_up imperial |
| 30:22 | DS_RJP · first_market_sell 100 food |
| 30:49 | DS_Moai · first_market_buy 100 stone |
| 30:51 | 小刀 · first_building Siege Workshop |
| 31:25 | DS_Moai · age_up imperial |
| 31:38 | DS_Moai · first_market_sell 500 food |
| 31:53 | tktk · first_building Monastery |
| 32:21 | tktk · first_building Stable |
| 35:04 | tktk · first_building Castle |
| 35:13 | DL | Tortafuller · age_up imperial |
| 35:40 | 左 · first_building Barracks |
| 35:42 | 小刀 · first_building Stable |
| 36:02 | tktk · age_up imperial |
| 36:16 | DL | Tortafuller · wall_segment Palisade Wall x1 |
| 36:18 | DL | Tortafuller · wall_segment Palisade Wall x1 |
| 36:32 | DS_TheHeartless · wall_segment Stone Wall x2 |
| 36:40 | DS_TheHeartless · wall_segment Stone Wall x4 |
| 38:56 | DS_TheHeartless · wall_segment Stone Wall x2 |
| 38:59 | DS_TheHeartless · wall_segment Stone Wall x1 |
| 39:01 | DS_TheHeartless · wall_segment Stone Wall x1 |
| 39:12 | DS_Moai · tribute_sent a jugador 1 |
| 39:12 | DS_Moai · tribute_sent a jugador 2 |
| 39:12 | DS_Moai · tribute_sent a jugador 3 |
| 39:12 | DS_Moai · tribute_sent a jugador 4 |
| 39:12 | DS_Moai · tribute_sent a jugador 5 |
| 39:12 | DS_Moai · tribute_sent a jugador 7 |
| 39:12 | DS_Moai · tribute_sent a jugador 8 |
| 39:13 | 左 · first_building Archery Range |
| 40:10 | DS_Moai · tribute_sent a jugador 1 |
| 40:10 | DS_Moai · tribute_sent a jugador 2 |
| 40:10 | DS_Moai · tribute_sent a jugador 3 |
| 40:10 | DS_Moai · tribute_sent a jugador 4 |
| 40:10 | DS_Moai · tribute_sent a jugador 5 |
| 40:10 | DS_Moai · tribute_sent a jugador 7 |
| 40:10 | DS_Moai · tribute_sent a jugador 8 |
| 40:17 | Cat&Moon · tribute_sent a jugador 2 |
| 40:17 | Cat&Moon · tribute_sent a jugador 3 |
| 40:17 | Cat&Moon · tribute_sent a jugador 4 |
| 40:17 | Cat&Moon · tribute_sent a jugador 5 |
| 40:17 | Cat&Moon · tribute_sent a jugador 6 |
| 40:17 | Cat&Moon · tribute_sent a jugador 7 |
| 40:17 | Cat&Moon · tribute_sent a jugador 8 |
| 40:20 | DS_Moai · tribute_sent a jugador 1 |
| 40:20 | DS_Moai · tribute_sent a jugador 2 |
| 40:20 | DS_Moai · tribute_sent a jugador 3 |
| 40:20 | DS_Moai · tribute_sent a jugador 4 |
| 40:20 | DS_Moai · tribute_sent a jugador 5 |
| 40:20 | DS_Moai · tribute_sent a jugador 7 |
| 40:20 | DS_Moai · tribute_sent a jugador 8 |
| 41:09 | tktk · first_building Siege Workshop |
| 41:27 | 左 · age_up imperial |
| 41:39 | DS_Moai · tribute_sent a jugador 1 |
| 41:39 | DS_Moai · tribute_sent a jugador 2 |
| 41:39 | DS_Moai · tribute_sent a jugador 3 |
| 41:39 | DS_Moai · tribute_sent a jugador 4 |
| 41:39 | DS_Moai · tribute_sent a jugador 5 |
| 41:39 | DS_Moai · tribute_sent a jugador 7 |
| 41:39 | DS_Moai · tribute_sent a jugador 8 |
| 42:09 | DS_TheHeartless · wall_segment Stone Wall x4 |
| 42:15 | Cat&Moon · tribute_sent a jugador 2 |
| 42:15 | Cat&Moon · tribute_sent a jugador 3 |
| 42:15 | Cat&Moon · tribute_sent a jugador 4 |
| 42:15 | Cat&Moon · tribute_sent a jugador 5 |
| 42:15 | Cat&Moon · tribute_sent a jugador 6 |
| 42:15 | Cat&Moon · tribute_sent a jugador 7 |
| 42:15 | Cat&Moon · tribute_sent a jugador 8 |
| 42:28 | DS_Moai · first_building Siege Workshop |
| 43:24 | DS_Moai · tribute_sent a jugador 1 |
| 43:24 | DS_Moai · tribute_sent a jugador 2 |
| 43:24 | DS_Moai · tribute_sent a jugador 3 |
| 43:24 | DS_Moai · tribute_sent a jugador 4 |
| 43:24 | DS_Moai · tribute_sent a jugador 5 |
| 43:25 | DS_Moai · tribute_sent a jugador 7 |
| 43:25 | DS_Moai · tribute_sent a jugador 8 |
| 44:30 | tktk · first_market_sell 500 wood |
| 45:52 | DS_Moai · first_building Barracks |
| 47:57 | Cat&Moon · tribute_sent a jugador 2 |
| 47:57 | Cat&Moon · tribute_sent a jugador 3 |
| 47:57 | Cat&Moon · tribute_sent a jugador 4 |
| 47:57 | Cat&Moon · tribute_sent a jugador 5 |
| 47:57 | Cat&Moon · tribute_sent a jugador 6 |
| 47:57 | Cat&Moon · tribute_sent a jugador 7 |
| 47:57 | Cat&Moon · tribute_sent a jugador 8 |
| 48:33 | tktk · first_building Archery Range |
| 50:15 | 左 · first_market_sell 100 food |
| 51:04 | DL | Tortafuller · tribute_sent a jugador 1 |
| 51:04 | DL | Tortafuller · tribute_sent a jugador 2 |
| 51:04 | DL | Tortafuller · tribute_sent a jugador 3 |
| 51:04 | DL | Tortafuller · tribute_sent a jugador 4 |
| 51:04 | DL | Tortafuller · tribute_sent a jugador 5 |
| 51:04 | DL | Tortafuller · tribute_sent a jugador 6 |
| 51:04 | DL | Tortafuller · tribute_sent a jugador 7 |
| 51:05 | 左 · wall_segment Stone Wall x9 |
| 51:07 | 左 · wall_segment Stone Wall x8 |
| 51:17 | 左 · wall_segment Stone Wall x3 |
| 51:20 | 左 · wall_segment Stone Wall x7 |
| 53:01 | Cat&Moon · wall_segment Stone Wall x12 |
| 53:02 | Cat&Moon · wall_segment Stone Wall x25 |
| 53:12 | DS_TheHeartless · tribute_sent a jugador 1 |
| 53:12 | DS_TheHeartless · tribute_sent a jugador 2 |
| 53:12 | DS_TheHeartless · tribute_sent a jugador 3 |
| 53:12 | DS_TheHeartless · tribute_sent a jugador 5 |
| 53:12 | DS_TheHeartless · tribute_sent a jugador 6 |
| 53:12 | DS_TheHeartless · tribute_sent a jugador 7 |
| 53:12 | DS_TheHeartless · tribute_sent a jugador 8 |
| 54:03 | 左 · first_market_buy 100 stone |
| 54:07 | 左 · wall_segment Stone Wall x14 |
| 54:13 | 左 · wall_segment Stone Wall x3 |
| 54:22 | 左 · wall_segment Stone Wall x1 |
| 54:59 | DS_Moai · wall_segment Stone Wall x1 |
| 55:27 | DS_Moai · tribute_sent a jugador 1 |
| 55:27 | DS_Moai · tribute_sent a jugador 2 |
| 55:27 | DS_Moai · tribute_sent a jugador 3 |
| 55:27 | DS_Moai · tribute_sent a jugador 4 |
| 55:27 | DS_Moai · tribute_sent a jugador 5 |
| 55:27 | DS_Moai · tribute_sent a jugador 7 |
| 55:27 | DS_Moai · tribute_sent a jugador 8 |
| 56:45 | 左 · wall_segment Stone Wall x1 |
| 56:47 | 左 · wall_segment Stone Wall x1 |
| 58:51 | 左 · wall_segment Stone Wall x3 |
| 59:31 | DS_TheHeartless · tribute_sent a jugador 1 |
| 59:31 | DS_TheHeartless · tribute_sent a jugador 2 |
| 59:31 | DS_TheHeartless · tribute_sent a jugador 3 |
| 59:31 | DS_TheHeartless · tribute_sent a jugador 5 |
| 59:31 | DS_TheHeartless · tribute_sent a jugador 6 |
| 59:31 | DS_TheHeartless · tribute_sent a jugador 7 |
| 59:31 | DS_TheHeartless · tribute_sent a jugador 8 |
| 60:26 | DL | Tortafuller · first_building Stable |
| 60:27 | DL | Tortafuller · first_building Archery Range |
| 62:16 | DS_TheHeartless · tribute_sent a jugador 1 |
| 62:16 | DS_TheHeartless · tribute_sent a jugador 2 |
| 62:16 | DS_TheHeartless · tribute_sent a jugador 3 |
| 62:16 | DS_TheHeartless · tribute_sent a jugador 5 |
| 62:16 | DS_TheHeartless · tribute_sent a jugador 6 |
| 62:16 | DS_TheHeartless · tribute_sent a jugador 7 |
| 62:16 | DS_TheHeartless · tribute_sent a jugador 8 |
| 62:39 | DS_TheHeartless · first_building Barracks |
| 62:47 | Cat&Moon · resign |
[ ANÁLISIS IA · 1 CRÉDITO ]
¿Qué pasó realmente en esta partida?
Wolo.gg analiza cada decisión: build order, eco, micro, errores típicos por bracket. Análisis personalizado por WhatsApp o Discord en 30 segundos.
Guía civ
Wu
Perfil
Jugador #5540767